 Dungeon Crawl Stone Soup version 0.31-a0-1104-g3bd3108e02 (webtiles) character file.

Game seed: 16979695189292775741

159 Dirtsage the Insei (level 5, 38/38 HPs)
             Began as a Djinni Shapeshifter on Dec 2, 2023.
             Quit the game on level 4 of the Dungeon.
             The game lasted 00:06:11 (2561 turns).

Dirtsage the Insei (Djinni Shapeshifter)            Turns: 2561, Time: 00:06:12

Health: 38/38      AC:  9    Str: 13    XL:     5   Next: 68%
Gold:   206        EV: 11    Int: 13    God:
                   SH:  0    Dex: 13

rFire   + +          .
                       - Unarmed
rCold   x . .        (no shield)
rNeg    . . .        g - quicksilver dragon scales
rPois   ∞            (helmet currently unavailable)
rElec   .            (cloak currently unavailable)
rCorr   .            (gloves currently unavailable)
SInv    .            (boots unavailable)
Will    +....        (no amulet)
Stlth   +            (no ring)
HPRegen 0.26/turn    (no ring)
MPRegen 0.00/turn

%: no passive effects
@: beast-form, flying
A: beast (slay +1), flying, sickness immunity, fire resistance 2, cold
vulnerability 1, float, innate caster, HP casting, extra vitality 1
a: Begin Untransformation


You were on level 4 of the Dungeon.
You were a hulking beast.
You visited 1 branch of the dungeon, and saw 4 of its levels.

You collected 206 gold pieces.

Inventory:

Armour
 a - a +0 animal skin
 f - a +0 pair of gloves
 g - quicksilver dragon scales (worn)
 j - a +0 helmet
Jewellery
 q - an amulet of the acrobat
Talismans
 c - a beast talisman
 d - a flux talisman
Wands
 k - a wand of flame (6)
 n - a wand of charming (7)
 p - a wand of roots (12)
Scrolls
 l - a scroll of identify {unknown}
 s - a scroll of fear {unknown}
Potions
 b - a potion of lignification
 e - a potion of ambrosia {unknown}
 h - a potion of curing {unknown}
 i - a potion of mutation {unknown}
 m - 2 potions of attraction {unknown}
 o - a potion of berserk rage {unknown}
 r - a potion of magic {unknown}
 t - 2 potions of enlightenment {unknown}
 u - a potion of might {unknown}


   Skills:
 + Level 2.2 Fighting
 + Level 3.1 Dodging
 + Level 3.6 Unarmed Combat
 * Level 1.4 Spellcasting
 * Level 1.4 Conjurations
 * Level 1.4 Hexes
   Level 0.0 Charms
 * Level 1.4 Summonings
 * Level 1.4 Necromancy
 * Level 1.4 Translocations
 * Level 1.4 Transmutations
 * Level 1.4 Fire Magic
 * Level 1.4 Ice Magic
 * Level 1.4 Air Magic
 * Level 1.4 Earth Magic
 * Level 1.4 Poison Magic
 - Level 3.3 Shapeshifting


You knew the following spells:

 Your Spells              Type           Power      Damage    Failure   Level
a - Shock                 Conj/Air       16%        1d4       32%         1
b - Searing Ray           Conj           8%         2d4       45%         2
Your spell library was empty.

Dungeon Overview and Level Annotations

Branches:
Dungeon (4/15)
 Temple: D:4-7

Altars:
Elyvilon

Shops:
D:1 *   D:2 ((


Innate Abilities, Weirdness & Mutations

You are a hulking beast.
Your limbs bulge with bestial killing power. (Slay +1)
You are flying.
You are immune to sickness and miasma.
You are immune to poison.
Your flesh is very heat resistant. (rF++)
You are vulnerable to cold. (rC-)
You float through the air rather than walking.
You learn spells naturally, not from books.
Your magical power is your life essence.
You have superior vitality. (+4 MHP)


Message History

The adder zombie closely misses you. The adder barely misses you.
The adder zombie bites you but does no damage.
You hit the adder.
The adder is heavily wounded.
The adder bites you but does no damage.
The adder zombie bites you but does no damage.
You hit the adder.
The adder is almost dead.
The adder closely misses you. The adder zombie misses you.
You hit the adder.
You kill the adder!
The adder zombie bites you but does no damage.
You hit the adder zombie.
The adder zombie is moderately damaged.
The adder zombie bites you but does no damage.
You barely miss the adder zombie.
The adder zombie is moderately damaged.
The adder zombie bites you but does no damage.
You hit the adder zombie.
The adder zombie is heavily damaged.
The adder zombie bites you but does no damage.
You hit the adder zombie.
The adder zombie is heavily damaged.
The adder zombie bites you but does no damage.
You hit the adder zombie.
The adder zombie is severely damaged.
The adder zombie closely misses you.
You hit the adder zombie.
You destroy the adder zombie!
No target in view!
No target in view!
You see here an adder corpse.
You reach down and open the door.
You see here 9 stones.
You reach down and open the door.
You reach down and open the door.
You hear the brisk hiss of an avalanche of sand.
You reach down and open the door.
A hound zombie comes into view.
Are you sure you want to abandon this character and quit the game? (Confirm with "yes".)

## #.#......
#########.#...#.#
.....##...#..##.#
.##..##.#.......#
.##..##..#'#+#.##
..#..##..#.# ..##
#.#..#.##### ###.#
.....#.'.# #.Z.#
..)....### ###h#
#.###..'.# #.'.#
#.###..#########.#
#..##†#..#.#.#..##
##.##.##.#'#'#.##
##.##......(..##
......##...####
##.######### #.#


You could see a hound zombie.

Vanquished Creatures
  Robin (D:2)
  A gnoll (D:1)
  4 adders
  3 adder zombies (D:4)
  2 worms (D:4)
  3 dart slugs (D:2)
  8 endoplasms
  2 giant cockroaches
  10 goblins
  12 hobgoblins
  6 jackals (D:2)
  A quokka (D:1)
  6 ball pythons
  5 bats
  5 frilled lizards
  2 kobolds
  5 rats
76 creatures vanquished.

Vanquished Creatures (others)
  A goblin (D:2)
1 creature vanquished.

Grand Total: 77 creatures vanquished

Notes
Turn   | Place    | Note
-------+----------+-------------------------------------------
     0 | D:1      | Dirtsage the Djinni Shapeshifter began the quest for the
                  | Orb.
     0 | D:1      | Reached XP level 1. HP: 17/17 MP: 0/0
   147 | D:1      | Reached XP level 2. HP: 22/22 MP: 0/0
   453 | D:1      | Reached XP level 3. HP: 27/27 MP: 0/0
   453 | D:1      | Learned a level 1 spell: Shock
   648 | D:1      | Found Syblaf's Assorted Antiques.
   855 | D:2      | Noticed Robin
   893 | D:2      | Killed Robin
   894 | D:2      | Reached XP level 4. HP: 25/32 MP: 0/0
  1033 | D:2      | Found a white marble altar of Elyvilon.
  1124 | D:2      | Found Iczarot's Antique Weapon Shoppe.
  1346 | D:2      | Reached skill level 1 in Spellcasting
  1346 | D:2      | Reached skill level 1 in Conjurations
  1346 | D:2      | Reached skill level 1 in Hexes
  1346 | D:2      | Reached skill level 1 in Summonings
  1346 | D:2      | Reached skill level 1 in Necromancy
  1346 | D:2      | Reached skill level 1 in Translocations
  1346 | D:2      | Reached skill level 1 in Transmutations
  1346 | D:2      | Reached skill level 1 in Fire Magic
  1346 | D:2      | Reached skill level 1 in Ice Magic
  1346 | D:2      | Reached skill level 1 in Air Magic
  1346 | D:2      | Reached skill level 1 in Earth Magic
  1346 | D:2      | Reached skill level 1 in Poison Magic
  1422 | D:2      | Found Xeulianu's Antique Weapon Emporium.
  1534 | D:2      | Reached XP level 5. HP: 38/38 MP: 0/0
  1534 | D:2      | Learned a level 2 spell: Searing Ray
  2561 | D:4      | Quit the game

Illustrated notes

Levels and vault maps discovered:
D:1:      zelgadis_glass_arrival_small, layout_loops_cross, serial_shops, shop,
          minmay_distorted
D:2:      minmay_chambers_of_ones, layout_loops_cross, basic_altar,
          serial_shops, nicolae_shop_overgrown_old_shop, shop, uniq_robin
D:3:      layout_loops_ring, minmay_cupped
D:4:      layout_loops_cross, mainiacjoe_ossuary_entry_find_the_door

Skill      XL: |  1  2  3  4 |
---------------+-------------+-----
Shapeshifting  | 3 |  3.3
Spellcasting   | 1 |  1.4
Conjurations   | 1 |  1.4
Hexes          | 1 |  1.4
Summonings     | 1 |  1.4
Necromancy     | 1 |  1.4
Translocations | 1 |  1.4
Transmutations | 1 |  1.4
Fire Magic     | 1 |  1.4
Ice Magic      | 1 |  1.4
Air Magic      | 1 |  1.4
Earth Magic    | 1 |  1.4
Poison Magic   | 1 |  1.4
Fighting       | 2 |  2.2
Dodging        | 3 |  3.1
Unarmed Combat | |  3.6

Action                     |  1- 3 |  4- 6 || total
---------------------------+-------+-------++-------
  Melee: Unarmed           |    92 |   144 ||   236
         Punch             |       |     1 ||     1
   Cast: Shock             |     1 |       ||     1
 Armour: Animal skin       |     5 |       ||     5
         Quicksilver drago |    48 |    69 ||   117
  Dodge: Dodged            |    55 |    84 ||   139

Table legend: (Time is in decaauts)
 A = Elapsed time spent in this place.
 B = Non-inter-level travel time spent in this place.
 C = Inter-level travel time spent in this place.
 D = Time resting spent in this place.
 E = Time spent auto-exploring this place.
 F = Levels seen in this place.
 G = Mean time per level.
                   A        B        C        D        E       F      G
               +--------+--------+--------+--------+--------+-----+--------+
         Total |   2545 |   2413 |    132 |      0 |   1913 |   4 |  636.2 |
       Dungeon |   2545 |   2413 |    132 |      0 |   1913 |   4 |  636.2 |
               +--------+--------+--------+--------+--------+-----+--------+

Top non-repeatable levels by time:
     D:1: 841 daAuts
     D:2: 781 daAuts
     D:3: 615 daAuts
     D:4: 306 daAuts
